 Dungeon Crawl Stone Soup version 0.30.0-5-g1a98f26d00 (webtiles) character file.

Game seed: 8449523604750685299

59647 sasquatch the Thaumaturge (level 15, -30/129 HPs)
             Began as a Djinni Hedge Wizard on May 9, 2023.
             Was a High Priest of Ashenzari.
             Annihilated by a six-headed hydra simulacrum (32 damage)
             ... on level 5 of the Lair of Beasts.
             The game lasted 01:12:28 (14237 turns).

sasquatch the Thaumaturge (Djinni Hedge Wizard)    Turns: 14237, Time: 01:12:29

Health: -30/129    AC: 14    Str:  9    XL:     15   Next: 34%
Gold:   1633       EV: 16    Int: 26    God:    Ashenzari [*****.] SH:  7 Dex: 15

rFire   + + +        w - staff of fire of Supernal Understanding (curse) {rF+, Self, Melee} (curse)
rCold   . . .        o - +0 buckler of the Ensconced Prison {Fort, Self} (curse)
rNeg    . . .        G - +4 troll leather armour "Ennui of Ashenzari" {Regen+, Self, Evo} (curse)
rPois   ∞            v - +2 hat "Share My Foul Odours" {rF+, Fort, Range} (curse)
rElec   .            (no cloak)
rCorr   .            M - +1 pair of gloves of the Chained Welkin {Range, Self} (curse)
SInv    +            (boots unavailable)
Will    +....        d - amulet "Loss of the Lashed Seer" {Regen+, Self, Range} (curse)
Stlth   ++           c - ring "Per Aspera Ad Scientiam" {Ice Int+3 Dex+2, Self, Melee} (curse)
HPRegen 2.01/turn    (no ring)
MPRegen 0.00/turn

%: clarity, infuse magic (-31 HP)
@: flying
A: sickness immunity, fire resistance 2, cold vulnerability 1, float, innate
caster, HP casting, extra vitality 1
a: Renounce Religion, Shatter the Chains


You were on level 5 of the Lair of Beasts.
You worshipped Ashenzari.
Ashenzari was extremely pleased with you.
You visited 3 branches of the dungeon, and saw 16 of its levels.
You also visited: Sewer.

You collected 1990 gold pieces.
You spent 357 gold pieces at shops.

Inventory:

Hand Weapons
 b - a +5 dagger
 z - a +2 whip of electrocution
Missiles
 e - 7 curare-tipped darts
 s - 45 poisoned darts
 u - a throwing net
Armour
 o - the cursed +0 buckler of the Ensconced Prison (worn) {Fort, Self}
   (You found it on level 3 of the Dungeon)

   It has a curse which improves the following skills: Fortitude: Armour and
   Shields.
   Introspection: Fighting and Spellcasting.
 v - the cursed +2 hat "Share My Foul Odours" (worn) {rF+, Fort, Range}
   (You bought it in a shop on level 4 of the Dungeon)

   rF:        It protects you from fire.
   It has a curse which improves the following skills: Fortitude: Armour and
   Shields.
   Ranged Combat: Ranged Weapons and Throwing.
 G - the cursed +4 troll leather armour "Ennui of Ashenzari" (worn) {Regen+, Self, Evo}
   (You found it on level 10 of the Dungeon)

   Regen:     It increases your rate of health regeneration.
   It has a curse which improves the following skills: Introspection: Fighting
   and Spellcasting.
   Evocations: Evocations.
 M - the cursed +1 pair of gloves of the Chained Welkin (worn) {Range, Self}
   (You found it on level 3 of the Lair of Beasts)

   It has a curse which improves the following skills: Ranged Combat: Ranged
   Weapons and Throwing.
   Introspection: Fighting and Spellcasting.
Magical Staves
 w - the cursed staff of fire of Supernal Understanding (weapon) {rF+, Self, Melee}
   (You found it in a sewer)

   [staff of fire]

   Your inability to study Fire Magic prevents you from drawing on the full
   power of this staff in melee.
   Base accuracy: +5 Base damage: 5 Base attack delay: 1.2 This weapon's minimum
   attack delay (0.6) is reached at skill level 12.
   rF:        It protects you from fire.
   It falls into the 'Staves' category.
   It is a one-handed weapon.
   It has a curse which improves the following skills: Introspection: Fighting
   and Spellcasting.
   Melee Combat: Short Blades, Long Blades, Axes, Maces & Flails, Polearms,
   Staves and Unarmed Combat.
 L - a staff of air
Jewellery
 c - the cursed ring "Per Aspera Ad Scientiam" (left hand) {Ice Int+3 Dex+2, Self, Melee}
   (You acquired it on level 5 of the Dungeon)

   [ring of ice]

   It enhances your ice magic.
   Int:       It affects your intelligence (+3).
   Dex:       It affects your dexterity (+2).
   rF:        It makes you vulnerable to fire.
   rC:        It protects you from cold.
   It has a curse which improves the following skills: Introspection: Fighting
   and Spellcasting.
   Melee Combat: Short Blades, Long Blades, Axes, Maces & Flails, Polearms,
   Staves and Unarmed Combat.
 d - the cursed amulet "Loss of the Lashed Seer" (around neck) {Regen+, Self, Range}
   (You found it on level 1 of the Dungeon)

   [amulet of regeneration]

   Regen:     It increases your rate of health regeneration.
   It has a curse which improves the following skills: Introspection: Fighting
   and Spellcasting.
   Ranged Combat: Ranged Weapons and Throwing.
 j - an amulet of the acrobat
 J - a ring of ice
Wands
 a - a wand of iceblast (12)
 t - a wand of flame (19)
 x - a wand of paralysis (14)
 y - a wand of polymorph (12)
 N - a wand of digging (7)
Scrolls
 f - 3 scrolls of blinking
 h - 14 scrolls of teleportation
 k - a scroll of magic mapping
 l - 2 scrolls of immolation
 m - 8 scrolls of fear
 r - 3 scrolls of poison
 B - a scroll of fog
 E - 3 scrolls of enchant weapon
 I - a scroll of silence
 K - a scroll of butterflies
Potions
 g - 5 potions of mutation
 i - 2 potions of invisibility
 p - 9 potions of curing
 q - 3 potions of lignification
 A - 4 potions of heal wounds
 C - 4 potions of attraction
 D - 2 potions of haste
 F - 2 potions of ambrosia
 H - 2 potions of berserk rage
Miscellaneous
 n - a phantom mirror


   Skills:
 + Level 12.4(19.1) Fighting
 - Level 8.4(11.6) Armour
 - Level 10.0 Dodging
 - Level 1.5 Stealth
 - Level 8.4(11.6) Shields
 * Level 14.1(20.8) Spellcasting


You knew the following spells:

 Your Spells              Type           Power      Damage    Failure   Level
a - Magic Dart            Conj           100%       1d8       0%          1
b - Slow                  Hex            100%       N/A       0%          1
c - Blink                 Tloc           100%       N/A       0%          2
d - Call Imp              Summ           100%       N/A       0%          2
e - Mephitic Cloud        Conj/Pois/Air  94%        N/A       0%          3
f - Kiss of Death         Conj/Necr      100%       2d13      0%          1
g - Lesser Beckoning      Tloc           100%       N/A       0%          2
h - Hailstorm             Conj/Ice       100%       3d20      0%          3
i - Gell's Gravitas       Tloc           94%        N/A       0%          3
j - Anguish               Hex/Necr       47%        N/A       0%          4
k - Agony                 Necr           94%        N/A       0%          5
l - Dispersal             Tloc           47%        N/A       1%          6
Your spell library was empty.

Dungeon Overview and Level Annotations

Branches:
Dungeon (10/15)            Temple (1/1) D:6            Lair (5/5) D:8
  Swamp (0/4) Lair:2        Snake (0/4) Lair:2        Slime (0/5) Lair:4
  Sewer (visited)
    Orc: D:9-12

Altars:
Ashenzari
Cheibriados
Dithmenos
Elyvilon
Fedhas
Gozag
Hepliaklqana
Makhleb
Nemelex Xobeh
Okawaru
Qazlal
Ru
Trog
Uskayaw
Wu Jian
Xom
Yredelemnul
Zin
The Shining One
Jiyva

Shops:
D:4 [?:*!

Annotations:
D:5 3 runed translucent doors, bungle's ghost, novice DjCj
Lair:5 zazu2006's ghost, journeyman GnWn


Innate Abilities, Weirdness & Mutations

You are immune to sickness and miasma.
You are immune to poison.
Your flesh is very heat resistant. (rF++)
You are vulnerable to cold. (rC-)
You float through the air rather than walking.
You learn spells naturally, not from books.
Your magical power is your life essence.
You have superior vitality. (+4 MHP)


Message History

The hail pelts the rime drake!!
The rime drake partially resists.
You kill the rime drake!
The hail pelts zazu2006's ghost!!
Zazu2006's ghost is almost destroyed.
Zazu2006's ghost says, "I am proof that knowledge is power."
Unknown command.
Unknown command.
Casting: Hailstorm (safe; 0% risk of failure)
Confirm with . or Enter, or press ? or * to list all spells.
Aiming: Gell's Gravitas (safe; 0% risk of failure)
Press: ? - help, Dir - move target Gravity reorients around empty space.
The ice encasing you melts away.
Unknown command.
Casting: Gell's Gravitas (safe; 0% risk of failure)
Confirm with . or Enter, or press ? or * to list all spells.
Aiming: Gell's Gravitas (safe; 0% risk of failure)
Press: ? - help, Dir - move target, f - six-headed hydra simulacrum
Aim: a six-headed hydra simulacrum Gravity reorients around the six-headed hydra simulacrum.
Zazu2006's ghost points at you and mumbles some strange words.
The ball explodes into a vile cloud!
The stinking cloud engulfs you but does no damage.
You hear an angry hiss.
Unknown command.
Casting: Gell's Gravitas (safe; 0% risk of failure)
Confirm with . or Enter, or press ? or * to list all spells.
Casting: Hailstorm (safe; 0% risk of failure)
Press: ? - help, Dir - look around, f - activate You feel a surge of power!
A cannonade of hail descends around you!
The hail pelts zazu2006's ghost but does no damage.
Zazu2006's ghost is almost destroyed.
Zazu2006's ghost casts a spell at you. The iron shot hits you!!!
* * * LOW HITPOINT WARNING * * *
The six-headed hydra simulacrum bites you!
* * * LOW HITPOINT WARNING * * *
The six-headed hydra simulacrum freezes you!!
You die...

~...#......#..# ..=...#..#..##...
~~~.#......#..#*$..$.##!Z#.......
~~~.####...##..##$?###...#.......
≈~~..# #.#..#...####....##.....#.
~~~~.# ###..##..........#........
~~~~~# #...#.........##....#.##
~≈~~.## #...##.......##.....###
~~~~.~# #....###ZW'###......#
~~≈~..####..#...@☼†.)........#
~~~~~.#.##...##§☼.#.....##...#
~≈~~~..##..####..####...#...##
#~~~~.~..#.# #...# ##..##...#
###~~......###...# ##.####.P#
##~~~..~)..##.#..####..## #..#
≈#†~~.~....#...#........###..#
≈÷†~........###....P....#...##
÷~≈†÷~÷÷.....#.#.#.#........##


You could see zazu2006's ghost and a six-headed hydra simulacrum.

Vanquished Creatures
  Nessos (Lair:5)
  4 hydras
  Fannar (Lair:3)
  A catoblepas (Lair:5)
  3 boulder beetles
  6 death yaks
  A two-headed ogre (D:9)
  A skyshark (Lair:4)
  A goliath frog (Lair:5)
  A lindwurm (Lair:4)
  Pikel (D:7)
  An oklob plant (Lair:2)
  15 elephants
  Joseph (D:7)
  8 black mambas
  19 cane toads
  5 rime drakes
  7 komodo dragons
  A troll (D:10)
  5 polar bears
  2 tyrant leeches (Lair:5)
  A hornet (D:8)
  54 blink frogs
  26 yaks
  2 wyverns
  A steam dragon (D:7)
  A swamp worm (Lair:2)
  5 vampire mosquitoes (Lair:5)
  Duvessa (D:7)
  20 water moccasins
  An acid dragon (D:9)
  3 ice beasts
  A sky beast (D:8)
  2 black bears (D:5)
  An ogre (D:7)
  37 wolves
  5 centaurs
  3 kobold brigands
  2 lemures (D:7)
  17 bullfrogs
  3 scorpions
  4 wights
  Dowan (D:7)
  7 howler monkeys
  4 electric eels
  3 lava snakes (Lair:2)
  2 hounds
  A gnoll bouda (D:6)
  10 jellies
  Jessica (D:2)
  Terence (D:2)
  2 iguanas
  3 orc wizards
  10 gnolls
  6 adders
  2 shadow imps (D:5)
  A white imp (D:6)
  3 ufetubi
  A worm (D:3)
  3 dart slugs
  11 orcs
  2 bats
  16 endoplasms
  8 giant cockroaches
  4 goblins
  4 hobgoblins
  9 jackals
  9 quokkas
  12 ball pythons
  8 frilled lizards
  17 kobolds
  4 rats
440 creatures vanquished.

Vanquished Creatures (collateral kills)
  A rime drake (D:8)
  2 yaks (Lair:2)
  A steam dragon (D:7)
  A sky beast (D:6)
  An ice beast (D:7)
  A centaur (D:10)
  2 bullfrogs
  A scorpion (D:6)
  A wight (D:8)
  2 howler monkeys (D:7)
  A hound (D:4)
  2 iguanas (D:5)
  A gnoll (D:6)
  A dart slug (D:4)
  2 orcs
  2 endoplasms (Lair:2)
  6 kobolds
28 creatures vanquished.

Vanquished Creatures (others)
  A water moccasin (Lair:2)
  An ice beast (D:8)
  A wolf (D:8)
  An electric eel (Lair:4)
  A lava snake (Lair:2)
  A shadow imp (D:5)
6 creatures vanquished.

Grand Total: 474 creatures vanquished

Notes
Turn   | Place    | Note
-------+----------+-------------------------------------------
     0 | D:1      | sasquatch the Djinni Hedge Wizard began the quest for the
                  | Orb.
     0 | D:1      | sasquatch set off with the following spells memorised:
                  | Magic Dart, Slow, Blink, Call Imp, Mephitic Cloud.
     0 | D:1      | Reached XP level 1. HP: 15/15 MP: 0/0
   120 | D:1      | Reached XP level 2. HP: 18/22 MP: 0/0
   252 | D:1      | Reached skill level 1 in Fighting
   372 | D:1      | Reached XP level 3. HP: 27/27 MP: 0/0
   372 | D:1      | Learned a level 1 spell: Kiss of Death
   418 | D:1      | Reached skill level 3 in Spellcasting
   733 | D:2      | Noticed Jessica
   735 | D:2      | Killed Jessica
   736 | D:2      | Reached XP level 4. HP: 31/33 MP: 0/0
  1096 | D:2      | Noticed Terence
  1846 | D:3      | Reached XP level 5. HP: 19/38 MP: 0/0
  1846 | D:3      | Learned a level 2 spell: Lesser Beckoning
  2434 | D:2      | Killed Terence
  2797 | D:4      | Reached skill level 4 in Spellcasting
  3035 | D:4      | Reached XP level 6. HP: 10/45 MP: 0/0
  3186 | D:4      | Found Gahuuqusch's Book Emporium.
  3227 | D:4      | Found Baty's General Store.
  3344 | D:4      | Found Boutif's Distillery.
  3486 | D:4      | Found Maledoll's Magic Scroll Emporium.
  3487 | D:4      | Found Yssiac's Antique Armour Emporium.
  3494 | D:4      | Bought a dazzling hat for 153 gold pieces
  3494 | D:4      | Identified the +2 hat "Lobiess" {rF+} (You bought it in a
                  | shop on level 4 of the Dungeon)
  3648 | D:5      | Entered Level 5 of the Dungeon
  3656 | D:5      | Identified a scroll of acquirement
  3657 | D:5      | Acquired the ring "Anuych" {Ice Int+3 Dex+2}
  3703 | D:5      | Noticed an ice beast
  3718 | D:5      | Killed an ice beast
  3719 | D:5      | Reached XP level 7. HP: 42/51 MP: 0/0
  3719 | D:5      | Learned a level 3 spell: Hailstorm
  3722 | D:5      | Reached skill level 5 in Spellcasting
  3833 | D:5      | Found a glowing drain.
  3871 | Sewer    | Entered a sewer
  4120 | D:5      | Reached XP level 8. HP: 58/58 MP: 0/0
  4459 | D:5      | Found an opulent altar of Gozag.
  4513 | D:5      | Noticed bungle's ghost (novice DjCj)
  4514 | D:5      | Found a runed translucent gate.
  4516 | D:5      | Found a runed translucent gate.
  4516 | D:5      | Found a runed translucent gate.
  4550 | D:5      | Reached skill level 6 in Spellcasting
  4561 | D:5      | Reached skill level 5 in Fighting
  5450 | D:6      | Reached skill level 7 in Spellcasting
  5450 | D:6      | Reached XP level 9. HP: 57/66 MP: 0/0
  5450 | D:6      | Learned a level 3 spell: Gell's Gravitas
  5536 | D:6      | Found a staircase to the Ecumenical Temple.
  5553 | Temple   | Entered the Ecumenical Temple
  5793 | Temple   | Became a worshipper of Ashenzari the Shackled
  5910 | D:7      | Noticed Dowan
  5911 | D:7      | Noticed Duvessa
  5935 | D:7      | Killed Dowan
  5943 | D:7      | Killed Duvessa
  6265 | D:7      | Reached skill level 8 in Spellcasting
  6449 | D:7      | Noticed Joseph
  6677 | D:7      | Noticed Pikel
  6685 | D:7      | Killed Pikel
  6686 | D:7      | Reached XP level 10. HP: 66/75 MP: 0/0
  6888 | D:7      | Killed Joseph
  6889 | D:7      | Reached skill level 9 in Spellcasting
  7045 | D:8      | Reached * piety under Ashenzari
  7046 | D:8      | Reached skill level 10 in Fighting
  7046 | D:8      | Reached skill level 11 in Spellcasting
  7046 | D:8      | Reached XP level 11. HP: 86/86 MP: 0/0
  7046 | D:8      | Learned a level 4 spell: Anguish
  7520 | D:8      | Found a staircase to the Lair.
  8027 | D:9      | Noticed a two-headed ogre
  8037 | D:9      | Killed a two-headed ogre
  8215 | D:9      | Reached ** piety under Ashenzari
  8360 | D:10     | Entered Level 10 of the Dungeon
  8413 | D:10     | Reached skill level 12 in Spellcasting
  8906 | D:10     | Found a stormy altar of Qazlal.
  8906 | D:10     | Found a snail-covered altar of Cheibriados.
  9061 | D:10     | Identified the +1 flail "Gaschoer" {antimagic, rC++ rCorr
                  | Dex-2}
  9234 | D:4      | Bought a scroll of fear for 44 gold pieces
  9234 | D:4      | Bought a scroll of blinking for 82 gold pieces
  9269 | D:4      | Bought 2 potions of curing for 78 gold pieces
  9563 | Lair:1   | Entered Level 1 of the Lair of Beasts
  9697 | Lair:1   | Reached XP level 12. HP: 82/88 MP: 0/0
  9716 | Lair:1   | Reached *** piety under Ashenzari
  9793 | Lair:1   | Reached skill level 1 in Armour
  9793 | Lair:1   | Reached skill level 1 in Shields
 10348 | Lair:2   | Noticed a boulder beetle
 10357 | Lair:2   | Killed a boulder beetle
 10386 | Lair:2   | Reached skill level 5 in Armour
 10386 | Lair:2   | Reached skill level 5 in Shields
 10451 | Lair:2   | Found a staircase to the Snake Pit.
 10991 | Lair:2   | Noticed a six-headed hydra
 10997 | Lair:2   | Noticed an eight-headed hydra
 10998 | Lair:2   | Killed a six-headed hydra
 10999 | Lair:2   | Reached XP level 13. HP: 101/105 MP: 0/0
 10999 | Lair:2   | Learned a level 5 spell: Agony
 11007 | Lair:2   | Killed an eight-headed hydra
 11260 | Lair:2   | Found a staircase to the Swamp.
 11407 | Lair:3   | Noticed a seven-headed hydra
 11413 | Lair:3   | Killed a seven-headed hydra
 11432 | Lair:3   | Noticed Fannar
 11440 | Lair:3   | Killed Fannar
 11555 | Lair:3   | Reached skill level 5 in Dodging
 11673 | Lair:3   | Reached **** piety under Ashenzari
 12301 | Lair:4   | Reached XP level 14. HP: 103/115 MP: 0/0
 12525 | Lair:4   | Found a viscous altar of Jiyva.
 12629 | Lair:4   | Found a staircase to the Slime Pits.
 12840 | Lair:4   | Reached skill level 10 in Dodging
 13202 | Lair:5   | Entered Level 5 of the Lair of Beasts
 13355 | Lair:4   | Acquired 981 gold pieces
 13392 | Lair:5   | Noticed Nessos
 13394 | Lair:5   | Reached skill level 13 in Spellcasting
 13402 | Lair:5   | Killed Nessos
 13474 | Lair:5   | Found a runed translucent gate.
 13508 | Lair:5   | Found a runed translucent gate.
 13508 | Lair:5   | Found a runed translucent gate.
 13587 | Lair:5   | Identified the staff of earth "Voilem Xat" {rElec rCorr
                  | Str+5}
 13592 | Lair:5   | Reached XP level 15. HP: 105/123 MP: 0/0
 13592 | Lair:5   | Learned a level 6 spell: Dispersal
 13742 | Lair:5   | Reached skill level 14 in Spellcasting
 13914 | Lair:5   | Noticed zazu2006's ghost (journeyman GnWn)
 13928 | Lair:5   | Identified the ring "Fin Sac" {Fire Will+ Str+4 Int-2}
 14134 | Lair:5   | Reached ***** piety under Ashenzari
 14237 | Lair:5   | HP: 2/129 [six-headed hydra simulacrum (8)]
 14237 | Lair:5   | Annihilated by a six-headed hydra simulacrum

Illustrated notes

Levels and vault maps discovered:
D:1:      minmay_arrival_stone_box, layout_loops_ring, st_stairs_1
D:2:      layout_loops_ring, chequers_decorated_corner, uniq_jessica,
          uniq_terence
D:3:      layout_basic
D:4:      layout_cave_pools, serial_shops, shop, nicolae_take_the_stairs,
          nicolae_diamond_shop, nicolae_shop_tiny_glass,
          nicolae_book_shop_shelving
D:5:      layout_basic, grunt_gozag_statues, gammafunk_ghost_split,
          gup_sewer_entry_glass, serial_bayou_pond_b, minmay_starry_boxes
D:6:      layout_rooms, lemuel_temple_firewalk_b, serial_curves, eino_curves_01,
          eino_curves_04
D:7:      layout_loops_corners, kennysheep_windowed_goal, uniq_pikel,
          uniq_joseph, uniq_duvessa
D:8:      layout_rooms, hellmonk_lair_entry_icy
D:9:      layout_gridville
D:10:     layout_long_grid, gammafunk_temple_overflow_claw
Temple:   dpeg_five_rooms_temple
Lair:1:   layout_long_grid, infiniplex_staircase_pool
Lair:2:   lemuel_slime, layout_regular_city, palyth_hydra_swamp_entry,
          minmay_snake_entry_six_corridors, nicolae_lair_liquid_snakes,
          lemuel_fruit_tree
Lair:3:   layout_loops_ring, chequers_serial_rivers_small_a,
          kennysheep_catoblepas_arena, infiniplex_staircase_pool_2, uniq_fannar
Lair:4:   layout_cellular_growth, nicolae_slime_entry_field_trip,
          grunt_megastairs_5, serial_bayou_shore_a
Lair:5:   minmay_lair_end_frog_pond, layout_loops_ring, gammafunk_ghost_icy,
          patterned_corridor, uniq_nessos

Skill      XL: |  1  2  3  4  5  6  7  8  9 10 11 12 13 14 15 |
---------------+----------------------------------------------+-----
Fighting       | 1 2 3 4 5 7 10 11 12 | 12.4
Spellcasting   | 3 4 5 7 8 11 12 13 14 | 14.1
Armour         | 6 8 |  8.4
Shields        | 6 8 |  8.4
Dodging        | 8 10 | 10.0
Stealth        | |  1.5

Action                     |  1- 3 |  4- 6 |  7- 9 | 10-12 | 13-15 || total
---------------------------+-------+-------+-------+-------+-------++-------
  Melee: Dagger            |     2 |    22 |    17 |       |       ||    41
         Whip              |       |       |       |     6 |       ||     6
         Staff             |       |       |       |       |     1 ||     1
  Throw: Dart              |       |     8 |       |       |       ||     8
   Cast: Magic Dart        |    54 |   139 |   241 |   157 |   139 ||   730
         Call Imp          |       |     6 |    16 |    27 |    14 ||    63
         Mephitic Cloud    |       |     7 |    43 |    54 |    54 ||   158
         Slow              |       |     2 |     1 |       |       ||     3
         Hailstorm         |       |       |     2 |    85 |   200 ||   287
         Blink             |       |       |     1 |     2 |    11 ||    14
         Gell's Gravitas   |       |       |       |     8 |   104 ||   112
         Anguish           |       |       |       |     5 |     1 ||     6
         Kiss of Death     |       |       |       |     1 |       ||     1
         Agony             |       |       |       |       |     1 ||     1
         Dispersal         |       |       |       |       |     2 ||     2
 Invoke: Curse Item        |       |       |     1 |     4 |     2 ||     7
  Evoke: Wand              |       |       |       |       |     1 ||     1
    Use: Scroll            |       |     9 |     3 |     4 |     2 ||    18
         Potion            |       |       |       |     1 |       ||     1
   Stab: Sleeping          |     2 |       |       |       |       ||     2
         Confused          |       |     4 |     3 |     2 |       ||     9
 Armour: Robe              |       |     7 |    21 |    12 |       ||    40
         Troll leather arm |       |       |       |    26 |    37 ||    63
  Dodge: Dodged            |       |    42 |    65 |    60 |    87 ||   254
  Block: Buckler           |       |       |       |       |    50 ||    50
